[Event "Early-Titled-Tuesday-Blitz-July-09-2024"]
[Site "Chess.com"]
[Date "2024.07.09"]
[Round "8"]
[White "Lion-Al-Messi"]
[Black "AwareIdea"]
[Result "1-0"]
[WhiteElo "2666"]
[BlackElo "2498"]
[TimeControl "180+1"]
[EndTime "9:26:04 PDT"]
[Termination "Lion-Al-Messi won by checkmate"]

1. e4 e5 2. Nf3 Nc6 3. Bb5 Nf6 4. O-O Nxe4 5. d4 Nd6 6. Bxc6 dxc6 7. dxe5 Nf5 8. Qxd8+ Kxd8 9. Nc3 Bd7 10. h3 Be7 11. g4 Nh4 12. Nxh4 Bxh4 13. Be3 h5 14. f3 Kc8 15. Rad1 b6 16. Ne4 Be6 17. Kg2 Kb7 18.
g5 Bf5 19. Rd4 c5 20. Nxc5+ bxc5 21. Rxh4 Bxc2 22. Rc1 Bf5 23. Rxc5 Rae8 24. Rb4+ Kc8 25. Ra5 f6 26. Bf4 fxe5 27. Bxe5 Rhg8 28. f4 Rd8 29. Rxa7 Rd2+ 30. Kf3 Rgd8 31. Rxc7# 1-0

[Event "Early-Titled-Tuesday-Blitz-July-09-2024"]
[Site "Chess.com"]
[Date "2024.07.09"]
[Round "8"]
[White "MikeWizard"]
[Black "Senn71"]
[Result "0-1"]
[WhiteElo "2072"]
[BlackElo "2360"]
[TimeControl "180+1"]
[EndTime "9:26:12 PDT"]
[Termination "Senn71 won by resignation"]

1. d4 d5 2. Nf3 Nf6 3. c4 c6 4. Nc3 a6 5. cxd5 cxd5 6. Bg5 Ne4 7. Nxe4 dxe4 8. Nd2 Qxd4 9. e3 Qxb2 10. Nxe4 Bf5 11. Nd2 Nc6 12. e4 Nb4 13. Qa4+ Bd7 14. Qd1 Nc2+ 0-1

[Event "Early-Titled-Tuesday-Blitz-July-09-2024"]
[Site "Chess.com"]
[Date "2024.07.09"]
[Round "8"]
[White "Fandorine"]
[Black "burbur555"]
[Result "1-0"]
[WhiteElo "2919"]
[BlackElo "2738"]
[TimeControl "180+1"]
[EndTime "9:26:21 PDT"]
[Termination "Fandorine won by resignation"]

1. c4 c6 2. Nf3 d5 3. e3 Nf6 4. Nc3 a6 5. a4 g6 6. h3 Bg7 7. Be2 O-O 8. O-O a5 9. d4 Na6 10.
Bd2 Nb4 11. Rc1 Ne4 12. Be1 Nd6 13. b3 h6 14. Ne5 Bf5 15. f3 Kh7 16. Bf2 f6 17.
Ng4 h5 18. Nh2 e5 19. dxe5 fxe5 20. cxd5 e4 21. dxc6 bxc6 22. fxe4 Nxe4 23. Nxe4 Bxe4 24. Nf3 Bb2 25. Qxd8 Raxd8 26. Ng5+ 1-0

[Event "Early-Titled-Tuesday-Blitz-July-09-2024"]
[Site "Chess.com"]
[Date "2024.07.09"]
[Round "8"]
[White "Matols"]
[Black "Noki102"]
[Result "0-1"]
[WhiteElo "2366"]
[BlackElo "2543"]
[TimeControl "180+1"]
[EndTime "9:26:36 PDT"]
[Termination "Noki102 won by resignation"]

1. d4 b6 2. c4 Bb7 3. Nc3 Nf6 4. f3 d6 5. e4 e5 6. d5 Nbd7 7. Bd3 Be7 8. Nge2 O-O 9. O-O a5 10. a3 Nc5 11. Be3 Nfd7 12. Kh1 Bg5 13. Bg1 Nxd3 14. Qxd3 Nc5 15. Qc2 Bc8 16. b4 Nd7 17. c5 bxc5 18. bxc5 Nxc5 19. Bxc5 dxc5 20. Na4 Ra6 21.
Nxc5 Rh6 22. Rfd1 Be3 23. Ng3 Rxh2+ 0-1

[Event "Early-Titled-Tuesday-Blitz-July-09-2024"]
[Site "Chess.com"]
[Date "2024.07.09"]
[Round "8"]
[White "IlanSchnaider"]
[Black "HaryKane"]
[Result "1-0"]
[WhiteElo "2831"]
[BlackElo "2609"]
[TimeControl "180+1"]
[EndTime "9:26:38 PDT"]
[Termination "IlanSchnaider won by resignation"]

1. e4 e6 2. d4 d5 3. Nd2 Nf6 4. e5 Nfd7 5. Bd3 c5 6. c3 Nc6 7. Ne2 cxd4 8. cxd4 f6 9. exf6 Nxf6 10. O-O Bd6 11.
Nf3 O-O 12. Bf4 Ne4 13. Bxd6 Qxd6 14. Ng3 Nxg3 15. hxg3 e5 16. dxe5 Nxe5 17. Nxe5 Qxe5 18. Qb3 Kh8 19. Rae1 Qh5 20. Qb4 Bf5 21. Bxf5 Qxf5 22. Qxb7 Rab8 23. Qxa7 Rxb2 24. Re7 Qf6 25. Rd7 Qe5 26.
Rf7 Re8 27. Qd7 h6 28. Rxg7 Rf8 29. Rh7+ Kg8 30. Rxh6 Qg7 31. Qe6+ Rf7 32. Rg6 1-0

[Event "Early-Titled-Tuesday-Blitz-July-09-2024"]
[Site "Chess.com"]
[Date "2024.07.09"]
[Round "8"]
[White "Alenzer"]
[Black "LileKoridze"]
[Result "0-1"]
[WhiteElo "2165"]
[BlackElo "2402"]
[TimeControl "180+1"]
[EndTime "9:26:40 PDT"]
[Termination "LileKoridze won by resignation"]

1. e4 c5 2. Nf3 d6 3. d4 cxd4 4. Nxd4 Nf6 5. Nc3 a6 6. Bg5 Nbd7 7. Qd2 b5 8. a3 Bb7 9. Bd3 Qc7 10. O-O e6 11.
Rae1 Be7 12. f4 O-O 13. Kh1 h6 14. Bh4 Nxe4 15. Bxe4 Bxh4 16. Bxb7 Bxe1 17. Qxe1 Qxb7 18. f5 e5 19. Nf3 Nf6 20. h3 Rfe8 21. Nh4 d5 22.
Qg3 e4 23. Ne2 Rac8 24. c3 a5 25. Nf4 b4 26. cxb4 axb4 27. a4 d4 28. Qb3 e3 29.
Nd3 e2 30. Re1 Re3 31. Kg1 Qe4 32. Ng6 Rxd3 33. Qxb4 Rd1 0-1

[Event "Early-Titled-Tuesday-Blitz-July-09-2024"]
[Site "Chess.com"]
[Date "2024.07.09"]
[Round "8"]
[White "Chessdude1987"]
[Black "Yan_Dyomin2010"]
[Result "0-1"]
[WhiteElo "2338"]
[BlackElo "2731"]
[TimeControl "180+1"]
[EndTime "9:26:58 PDT"]
[Termination "Yan_Dyomin2010 won by checkmate"]

1. e4 c5 2. Nf3 Nc6 3. d4 cxd4 4. Nxd4 Nf6 5. Nc3 e5 6. Ndb5 d6 7. Bg5 a6 8. Na3 b5 9. Nd5 Be7 10. Bxf6 Bxf6 11. c3 O-O 12. Nc2 Rb8 13. h4 g6 14.
h5 Bg7 15. h6 Bh8 16. g3 Be6 17. Bg2 Ne7 18. Nce3 Nxd5 19. Nxd5 a5 20. a3 Rc8 21. Qd3 Rc5 22. Qd2 Bxd5 23. exd5 a4 24. g4 Re8 25. Be4 Bf6 26. Kf1 Bg5 27. Qd3 Rf8 28. Ke2 Rc4 29. f3 Kh8 30. Rag1 Qd7 31. Kd1 Bf4 32. g5 Qe7 33. Qe2 Bxg5 34. Bd3 Rc5 35. Bxb5 Rb8 36. c4 Rbxb5 37. cxb5 Rc1# 0-1

[Event "Early-Titled-Tuesday-Blitz-July-09-2024"]
[Site "Chess.com"]
[Date "2024.07.09"]
[Round "8"]
[White "K_A_S_T_O_R"]
[Black "Naruto75_3"]
[Result "1-0"]
[WhiteElo "2861"]
[BlackElo "2567"]
[TimeControl "180+1"]
[EndTime "9:27:03 PDT"]
[Termination "K_A_S_T_O_R won by resignation"]

1. e4 c5 2. Nf3 d6 3. d4 cxd4 4. Nxd4 Nf6 5. Nc3 a6 6. Bg5 e6 7.
f4 Nbd7 8. Qf3 Qc7 9. O-O-O b5 10. Bxb5 axb5 11. Ndxb5 Qb6 12. e5 Bb7 13. Qe2 dxe5 14. fxe5 Nd5 15. Nxd5 Bxd5 16. Rxd5 exd5 17. Nd6+ Bxd6 18.
exd6+ Kf8 19. Qe7+ Kg8 20. Qxd7 h6 21. Be7 Rb8 22.
b3 Qd4 23. Kb1 Qe4 24. Rf1 Qxg2 25. Qf5 Qe4 26. Qxf7+ Kh7 27. Rg1 Qd4 28. Qg6+ Kg8 29. Bf6 Qxg1+ 30. Qxg1 Rb7 31. Qg6 Rf7 32. d7 Rxd7 33.
Qe8+ 1-0

[Event "Early-Titled-Tuesday-Blitz-July-09-2024"]
[Site "Chess.com"]
[Date "2024.07.09"]
[Round "8"]
[White "Boorchess"]
[Black "Millerkallpa"]
[Result "1-0"]
[WhiteElo "2552"]
[BlackElo "2251"]
[TimeControl "180+1"]
[EndTime "9:27:05 PDT"]
[Termination "Boorchess won by resignation"]

1. d4 d5 2. c4 c6 3. cxd5 cxd5 4.
Nc3 Nf6 5. f3 Nc6 6. e4 e5 7. dxe5 Nxe5 8. f4 Nc6 9. exd5 Nb4 10.
Bb5+ Bd7 11. d6 Qb6 12. Qe2+ Kd8 13. Nf3 Bxd6 14. Ne5 Re8 15. Be3 Bc5 16. Bxc5 Qxc5 17.
O-O-O Nc6 18. Bxc6 bxc6 19. Qd3 Re7 20. Kb1 Kc7 21. Rc1 g6 22. Qa6 Bf5+ 23. Ka1 Rxe5 24.
fxe5 Qxe5 25. Nb5+ 1-0

[Event "Early-Titled-Tuesday-Blitz-July-09-2024"]
[Site "Chess.com"]
[Date "2024.07.09"]
[Round "8"]
[White "Boudicca64"]
[Black "Aragon"]
[Result "0-1"]
[WhiteElo "1937"]
[BlackElo "2165"]
[TimeControl "180+1"]
[EndTime "9:27:09 PDT"]
[Termination "Aragon won by resignation"]

1. e4 c5 2. g3 Nc6 3. Bg2 g6 4. Ne2 Bg7 5. c3 e5 6. O-O Nge7 7. d3 O-O 8. Be3 b6 9. d4 cxd4 10.
cxd4 d6 11. Nbc3 Ba6 12. d5 Na5 13. b3 Rc8 14. Rc1 h6 15. f4 Kh7 16. f5 Ng8 17. Qd2 Nb7 18. Bh3 Rc7 19. fxg6+ fxg6 20. Be6 Nf6 21. g4 Nc5 22. Ng3 Nxe6 23. dxe6 Bxf1 24. Rxf1 Nxg4 25. Nd5 Rxf1+ 26. Kxf1 Nxe3+ 27. Qxe3 Rc2 28. e7 Qe8 29. Nf6+ Bxf6 0-1

[Event "Early-Titled-Tuesday-Blitz-July-09-2024"]
[Site "Chess.com"]
[Date "2024.07.09"]
[Round "8"]
[White "JosefineHeinemann"]
[Black "Goryachkina"]
[Result "0-1"]
[WhiteElo "2525"]
[BlackElo "2686"]
[TimeControl "180+1"]
[EndTime "9:27:11 PDT"]
[Termination "Goryachkina won by resignation"]

1. e4 c5 2. c3 d5 3. exd5 Qxd5 4. d4 Nf6 5. Nf3 e6 6. Na3 Qd8 7. Nc4 Nc6 8. Be3 Nd5 9. Bd3 b5 10. Nce5 Nxe5 11. Nxe5 c4 12. Be4 Bb7 13. Qf3 Qc7 14.
Bf4 Bd6 15. Bg3 O-O 16. Qh5 Nf6 0-1

[Event "Early-Titled-Tuesday-Blitz-July-09-2024"]
[Site "Chess.com"]
[Date "2024.07.09"]
[Round "8"]
[White "Slovineanu"]
[Black "Kopytkin"]
[Result "0-1"]
[WhiteElo "2541"]
[BlackElo "2434"]
[TimeControl "180+1"]
[EndTime "9:27:11 PDT"]
[Termination "Kopytkin won by resignation"]

1. d4 f5 2. g3 Nf6 3. Bg2 e6 4.
c4 Be7 5. Nh3 O-O 6. O-O d6 7.
Nf4 c6 8. Nc3 e5 9. dxe5 dxe5 10.
Nd3 Qc7 11. b3 Be6 12. Bb2 Nbd7 13. Qc2 Rad8 14. Rad1 g5 15. f4 gxf4 16. gxf4 e4 17. Ne5 Nxe5 18. fxe5 Ng4 19. Qc1 Qxe5 20. Qf4 Bc5+ 21.
Kh1 Qxf4 22. Rxf4 Nf2+ 23. Rxf2 Bxf2 24. Rf1 Bd4 25. Bh3 Rf7 26. Rd1 Rfd7 27. Kg2 Kf7 28.
Kg3 Be5+ 0-1

[Event "Early-Titled-Tuesday-Blitz-July-09-2024"]
[Site "Chess.com"]
[Date "2024.07.09"]
[Round "8"]
[White "annasargsyan_m"]
[Black "Chaubunagungamaug1"]
[Result "1-0"]
[WhiteElo "2661"]
[BlackElo "2498"]
[TimeControl "180+1"]
[EndTime "9:27:14 PDT"]
[Termination "annasargsyan_m won by resignation"]

1. d4 d5 2. c4 c6 3. cxd5 cxd5 4. Bf4 Nc6 5. e3 Nf6 6. Nc3 a6 7. Bd3 Bg4 8. Nge2 e6 9. f3 Bh5 10. h4 Bg6 11. Kf2 Bd6 12. Rc1 Rc8 13. g4 e5 14. dxe5 Nxe5 15. Bxg6 Nxg6 16. Bxd6 Qxd6 17. Nb5 axb5 18. Rxc8+ Kd7 19. Rxh8 Nxh8 20. Qd3 Qb4 21. Qf5+ Ke7 22. Qe5+ Kf8 23. Rc1 Qe7 24. Rc8+ Ne8 25. Qxe7+ Kxe7 26. Nc3 Ng6 27. h5 Ne5 28. Nxd5+ Kd7 29.
Rb8 Nd6 30. Ke2 Kc6 31. Ne7+ Kc7 32. Rg8 g6 33. h6 Kd7 34. Nd5 Kc6 35. Nb4+ Kc5 36.
Nd3+ Kd5 37. Nxe5 Kxe5 38. Rg7 1-0

[Event "Early-Titled-Tuesday-Blitz-July-09-2024"]
[Site "Chess.com"]
[Date "2024.07.09"]
[Round "8"]
[White "el008"]
[Black "KNVB"]
[Result "1-0"]
[WhiteElo "2551"]
[BlackElo "2657"]
[TimeControl "180+1"]
[EndTime "9:27:15 PDT"]
[Termination "el008 won on time"]

1. e4 b6 2. d4 Bb7 3. Nc3 e6 4.
Nf3 Bb4 5. Bd3 Nf6 6. Qe2 d5 7.
exd5 Qxd5 8. Bd2 Bxc3 9. Bxc3 Nbd7 10. Bd2 h6 11. c4 Qh5 12. O-O-O O-O-O 13. h3 Bxf3 14. gxf3 c5 15. Bf4 cxd4 16. c5 Qxc5+ 17. Kb1 Kb7 18.
Rc1 Qd5 19. Rc7+ Ka8 20. Bb5 Qf5+ 21. Ka1 Qxf4 22. Bc6+ Kb8 23. Rb7+ Kc8 24. Qa6 Nc5 25. Qxa7 1-0

[Event "Early-Titled-Tuesday-Blitz-July-09-2024"]
[Site "Chess.com"]
[Date "2024.07.09"]
[Round "8"]
[White "coalescenet"]
[Black "BardArtem"]
[Result "0-1"]
[WhiteElo "2402"]
[BlackElo "2825"]
[TimeControl "180+1"]
[EndTime "9:27:16 PDT"]
[Termination "BardArtem won by resignation"]

1. d4 d5 2. c4 e6 3. Nf3 Nf6 4. Bg5 dxc4 5. Nbd2 c5 6. Nxc4 cxd4 7. Qxd4 Bb4+ 8.
Bd2 Bxd2+ 9. Ncxd2 Bd7 10. Qd6 Qe7 11. Nc4 Nc6 12. Qxe7+ Kxe7 13. g3 Nb4 14. Na3 Rac8 15. Bg2 Nc2+ 16. Nxc2 Rxc2 17. O-O Rxb2 18. Rfb1 Rxb1+ 19. Rxb1 b6 20. Ne5 Rc8 21. Nxd7 Nxd7 22. Be4 h6 23.
Rb2 Rc5 24. f4 Ra5 25. Kf2 Nc5 26. Bf3 f5 27. h3 Kf6 28. g4 g5 29. Kg3 gxf4+ 30.
Kxf4 e5+ 31. Kg3 f4+ 32. Kf2 e4 33. Bg2 Ke5 34. Rd2 e3+ 0-1

[Event "Early-Titled-Tuesday-Blitz-July-09-2024"]
[Site "Chess.com"]
[Date "2024.07.09"]
[Round "8"]
[White "Alina_Gumerovna"]
[Black "JanMur7"]
[Result "0-1"]
[WhiteElo "2076"]
[BlackElo "2282"]
[TimeControl "180+1"]
[EndTime "9:27:27 PDT"]
[Termination "JanMur7 won on time"]

1. e4 g6 2. c4 c5 3. Nc3 Nc6 4. g3 Bg7 5. Bg2 e6 6. Nge2 Nge7 7.
O-O O-O 8. a3 b6 9. Rb1 a5 10. Nb5 Rb8 11. d4 cxd4 12. Nexd4 Nxd4 13. Nxd4 Ba6 14. b3 d5 15. Nb5 dxc4 16. bxc4 Rc8 17. Be3 Rxc4 18. Qxd8 Rxd8 19. Bxb6 Rb8 20. Nd6 Rc6 21.
Rfd1 Rcxb6 22. Rxb6 Rxb6 0-1

[Event "Early-Titled-Tuesday-Blitz-July-09-2024"]
[Site "Chess.com"]
[Date "2024.07.09"]
[Round "8"]
[White "Chess_master1982"]
[Black "shimastream"]
[Result "0-1"]
[WhiteElo "2653"]
[BlackElo "2905"]
[TimeControl "180+1"]
[EndTime "9:27:37 PDT"]
[Termination "shimastream won by checkmate"]

1. e4 d5 2. exd5 Qxd5 3. Nc3 Qe5+ 4. Be2 Bg4 5. d4 Bxe2 6. Ngxe2 Qa5 7. b4 Qh5 8. O-O Nf6 9. Qd3 e6 10. Bf4 Be7 11.
Ng3 Qg6 12. Qb5+ Nbd7 13. Qxb7 O-O 14. Bxc7 Qxc2 15. Rac1 Qb2 16. Ba5 Rfb8 17. Qf3 Bxb4 18. Bc7 Rc8 19. Nce2 Nd5 20. Be5 Bf8 21. Rb1 Qxa2 22.
Rb7 Qa4 23. Nf4 Nxe5 24. Qh5 Nxf4 25. Qxe5 Qc6 26. Rxf7 Qxg2# 0-1

[Event "Early-Titled-Tuesday-Blitz-July-09-2024"]
[Site "Chess.com"]
[Date "2024.07.09"]
[Round "8"]
[White "BlackBoarder"]
[Black "Arystanner"]
[Result "0-1"]
[WhiteElo "2740"]
[BlackElo "2909"]
[TimeControl "180+1"]
[EndTime "9:27:41 PDT"]
[Termination "Arystanner won by resignation"]

1. e4 e5 2. Nf3 Nc6 3. d4 exd4 4.
Bc4 Nf6 5. O-O Nxe4 6. Re1 d5 7. Bxd5 Qxd5 8. Nc3 Qd7 9. Nxe4 Be7 10. Bg5 O-O 11. Bxe7 Qxe7 12. Nxd4 Nxd4 13. Qxd4 Bf5 14. Nc5 Qd8 15. Qc3 b6 16. Rad1 Qc8 17. Ne4 Re8 18. Ng3 Rxe1+ 19. Rxe1 Bg6 20. h3 Qd8 21. Qe5 c5 22. c3 h6 23. f4 f6 24. Qe7 Qd2 25. f5 Re8 26. fxg6 Qxe1+ 27. Qxe1 Rxe1+ 28. Kf2 Rb1 0-1

[Event "Early-Titled-Tuesday-Blitz-July-09-2024"]
[Site "Chess.com"]
[Date "2024.07.09"]
[Round "8"]
[White "MusicCityMaster"]
[Black "edgarhay012"]
[Result "0-1"]
[WhiteElo "2505"]
[BlackElo "2691"]
[TimeControl "180+1"]
[EndTime "9:27:41 PDT"]
[Termination "edgarhay012 won by checkmate"]

1. e4 c5 2. Nf3 Nc6 3. d4 cxd4 4. Nxd4 g6 5. Nc3 Bg7 6. Be3 Nf6 7. Bc4 Qa5 8. O-O O-O 9. Nb3 Qc7 10. Be2 d6 11.
a4 Be6 12. Nd4 Nxd4 13. Bxd4 Bc4 14. a5 Bxe2 15. Qxe2 a6 16. Bxf6 exf6 17. Nd5 Qc5 18. Rfd1 Rae8 19. b4 Qc8 20. Nb6 Qe6 21. Ra3 f5 22.
Rad3 Qxe4 23. Qxe4 Rxe4 24. Rxd6 Rxb4 25. g3 Rb5 26.
Rd7 Rxa5 27. Rxb7 Rc5 28. Nd7 Rd8 29. Re1 Rxc2 30. Re7 Bd4 31. Kg2 Rxf2+ 32. Kh3 Rc8 33. Nb8 Rcc2 34. g4 Rf3+ 35. Kh4 Bf6+ 36. g5 Rxh2# 0-1

[Event "Early-Titled-Tuesday-Blitz-July-09-2024"]
[Site "Chess.com"]
[Date "2024.07.09"]
[Round "8"]
[White "ploxoi"]
[Black "Timerkhanov"]
[Result "0-1"]
[WhiteElo "2476"]
[BlackElo "2666"]
[TimeControl "180+1"]
[EndTime "9:27:41 PDT"]
[Termination "Timerkhanov won by resignation"]

1. d4 d5 2. c4 c6 3. Nf3 Nf6 4. e3 a6 5. Nbd2 Bf5 6. Nh4 Be6 7.
b3 g6 8. Be2 Bg7 9. O-O O-O 10.
a4 c5 11. Bb2 cxd4 12. Bxd4 Nc6 13. Bb2 Rc8 14. Nhf3 h6 15. Nd4 Nxd4 16. Bxd4 dxc4 17. Bxc4 Bxc4 18. Nxc4 b5 19. axb5 axb5 20. Na3 Qd5 21. Bxf6 Qxd1 22. Raxd1 Bxf6 23. Nxb5 Rb8 24. Nd4 e5 25. Nc6 Rxb3 26. Rd6 Kg7 27. e4 Rb6 28. f3 Bg5 29. Kf2 Rc8 30. Na7 Rc2+ 0-1

[Event "Early-Titled-Tuesday-Blitz-July-09-2024"]
[Site "Chess.com"]
[Date "2024.07.09"]
[Round "8"]
[White "boguszp"]
[Black "Sofia_Blokhin"]
[Result "0-1"]
[WhiteElo "1951"]
[BlackElo "2190"]
[TimeControl "180+1"]
[EndTime "9:27:43 PDT"]
[Termination "Sofia_Blokhin won by resignation"]

1. d4 f5 2. Nf3 Nf6 3. Bf4 g6 4.
e3 Bg7 5. h3 O-O 6. Be2 d6 7.
O-O Ne4 8. Nbd2 Nc6 9. Nxe4 fxe4 10. Ng5 d5 11. c4 e6 12. Bg4 Nxd4 13. Bxc7 Qxg5 14.
exd4 h5 15. f4 Qe7 16. Bxh5 gxh5 17. Be5 Qh4 18. Qb3 Bxe5 19. fxe5 dxc4 20. Qxc4 Bd7 21. Rae1 Rac8 22. Qb3 b6 23. Rf6 Qxe1+ 24. Kh2 Rxf6 25. exf6 Qf2 26. d5 Qf4+ 27. g3 Qf2+ 28. Kh1 Rc1+ 0-1

[Event "Early-Titled-Tuesday-Blitz-July-09-2024"]
[Site "Chess.com"]
[Date "2024.07.09"]
[Round "8"]
[White "Nitzan_Steinberg"]
[Black "vladjianu"]
[Result "1-0"]
[WhiteElo "2870"]
[BlackElo "2609"]
[TimeControl "180+1"]
[EndTime "9:27:44 PDT"]
[Termination "Nitzan_Steinberg won by resignation"]

1. e4 c6 2. Nf3 d5 3. exd5 cxd5 4. Ne5 Nc6 5. d4 a6 6. c3 Nf6 7. Bd3 g6 8. O-O Bg7 9. Re1 O-O 10. Nd2 Bf5 11. Bxf5 gxf5 12. Nf1 e6 13. Nd3 Kh8 14. Re3 Ne4 15. Rh3 Qf6 16. f3 Nd6 17. Ng3 Rg8 18. Nh5 Qe7 19. Bf4 Nc4 20. Qe2 Bf6 21. b3 Nb6 22. Ne5 Bg7 23. Bg5 Qf8 24. Nf6 Bxf6 25. Bxf6+ Rg7 26. Rg3 1-0

[Event "Early-Titled-Tuesday-Blitz-July-09-2024"]
[Site "Chess.com"]
[Date "2024.07.09"]
[Round "8"]
[White "Bkmzzzzz"]
[Black "FM_Kappeler"]
[Result "1-0"]
[WhiteElo "2422"]
[BlackElo "2285"]
[TimeControl "180+1"]
[EndTime "9:27:44 PDT"]
[Termination "Bkmzzzzz won by resignation"]

1. e4 c5 2. Nf3 e6 3. d3 Nc6 4.
g3 d5 5. Nbd2 Nge7 6. Bg2 g6 7.
O-O Bg7 8. Re1 b6 9. e5 Bb7 10.
Qe2 h6 11. c3 g5 12. h3 d4 13. Nc4 Nc8 14. h4 g4 15. Nfd2 h5 16. Ne4 dxc3 17. Ned6+ Nxd6 18. Nxd6+ Kf8 19. Nxb7 Qc7 20.
Nd6 Bxe5 21. Nc4 Bg7 22. bxc3 Bxc3 23. Bf4 Qd7 24. Ne5 Nxe5 25. Bxe5 Bxe5 26. Qxe5 Ke7 27. Bxa8 Rxa8 28. Qg5+ Kd6 29. Qxh5 1-0

[Event "Early-Titled-Tuesday-Blitz-July-09-2024"]
[Site "Chess.com"]
[Date "2024.07.09"]
[Round "8"]
[White "Bauman_Guy"]
[Black "Adar_07"]
[Result "1-0"]
[WhiteElo "2953"]
[BlackElo "2758"]
[TimeControl "180+1"]
[EndTime "9:27:45 PDT"]
[Termination "Bauman_Guy won by resignation"]

1. e4 c6 2. d4 d5 3. e5 Bf5 4. Bd3 Bxd3 5. Qxd3 e6 6. Ne2 c5 7. c3 Nc6 8. a3 Nge7 9. Nd2 Nf5 10. b4 cxd4 11. cxd4 Qb6 12. Nf3 Rc8 13. O-O Be7 14. Kh1 h5 15. Ng3 Nfxd4 16. Be3 Qb5 17. Qxb5 Nxb5 18.
a4 Nc3 19. b5 Nd8 20. Rfc1 Kd7 21. Bxa7 h4 22. Nf1 h3 23. Bd4 hxg2+ 24. Kxg2 Ne2 25. Rxc8 Kxc8 26. Be3 Kb8 27. N1d2 f5 28. Nb3 f4 29. Bd2 g5 30. h3 Nf7 31. Re1 Rc8 32. Rxe2 Rc4 33.
a5 Nh6 34. Nbd4 1-0

[Event "Early-Titled-Tuesday-Blitz-July-09-2024"]
[Site "Chess.com"]
[Date "2024.07.09"]
[Round "8"]
[White "Evan_Attaker"]
[Black "AGW2016"]
[Result "1-0"]
[WhiteElo "2739"]
[BlackElo "2578"]
[TimeControl "180+1"]
[EndTime "9:27:53 PDT"]
[Termination "Evan_Attaker won by resignation"]

1. a3 g6 2. h4 h5 3. Nf3 Bg7 4. c4 c5 5. Nc3 Nc6 6. g3 Nh6 7. Bg2 Nf5 8. O-O O-O 9. b4 cxb4 10. axb4 Nxb4 11. Ba3 Nc6 12. Qa4 d6 13. Rab1 Qa5 14. Qb3 Ncd4 15. Nxd4 Nxd4 16. Qa2 Nc2 17. Qxc2 Qxa3 18.
Nd5 e6 19. Nc7 Rb8 20. Rfd1 Qa5 21. Nb5 Rd8 22. d4 a6 23. Nc3 b5 24. cxb5 axb5 25. Na2 Bb7 26. Nb4 Bxg2 27. Kxg2 Rdc8 28. Qe4 d5 29. Qf3 Rc4 30. Nd3 Rxd4 31. e3 Rc4 32. Qe2 b4 33. Rb3 Rc3 34. Rdb1 Rxb3 35. Rxb3 Qa4 36. Qc2 Bf8 37. Ne5 Qa1 38. Nd7 Rd8 39. Nxf8 Rxf8 40. Rxb4 Qf6 41. Rf4 Qe5 42. Qc6 Kg7 43. Qb7 Qb8 44. Rxf7+ 1-0

[Event "Early-Titled-Tuesday-Blitz-July-09-2024"]
[Site "Chess.com"]
[Date "2024.07.09"]
[Round "8"]
[White "Bykov_Egor"]
[Black "kacperkarwowski"]
[Result "1-0"]
[WhiteElo "2688"]
[BlackElo "2544"]
[TimeControl "180+1"]
[EndTime "9:27:57 PDT"]
[Termination "Bykov_Egor won by resignation"]

1. Nf3 g6 2. g3 Bg7 3. Bg2 e5 4. O-O e4 5. Ne1 d5 6. d3 f5 7. c4 Ne7 8. cxd5 Qxd5 9. Nc3 Bxc3 10. bxc3 Nbc6 11. Qa4 Bd7 12. dxe4 fxe4 13. Qxe4 Qh5 14.
Ba3 Bf5 15. Qa4 O-O 16. Bxc6 Nxc6 17. Bxf8 Rxf8 18. Nf3 Bg4 19. Rfe1 Kg7 20. Qe4 Bf5 21. Qh4 Bg4 22. Qxh5 Bxh5 23. Rad1 Bxf3 24. exf3 Rxf3 25. Rd7+ Kh6 26. Re3 Rf5 27. Rxc7 Rb5 28. h4 1-0

[Event "Early-Titled-Tuesday-Blitz-July-09-2024"]
[Site "Chess.com"]
[Date "2024.07.09"]
[Round "8"]
[White "alexrustemov"]
[Black "Stanbad1"]
[Result "1-0"]
[WhiteElo "2884"]
[BlackElo "2620"]
[TimeControl "180+1"]
[EndTime "9:27:58 PDT"]
[Termination "alexrustemov won by resignation"]

1. d4 Nf6 2. c4 c5 3. d5 b5 4.
cxb5 a6 5. e3 axb5 6. Bxb5 Bb7 7. Nc3 Qa5 8. Bd2 Qb6 9. a4 Nxd5 10. Nf3 e6 11. O-O Be7 12. e4 Nxc3 13. Bxc3 O-O 14.
Ne5 d5 15. exd5 exd5 16. Re1 d4 17. Bd2 Bf6 18. Ng4 g6 19. a5 Qxb5 20. Nxf6+ Kg7 21. Ng4 Qc6 22. Bh6+ Kg8 23. f3 Rd8 24. Qd2 Nd7 25. Qf4 Re8 26. Bg5 f5 27. Ne5 Nxe5 28. Rxe5 Rxe5 29. Qxe5 Re8 30. Qf4 Ba6 31. h4 Qd7 32. b3 d3 33. Kh2 Re2 34. Rd1 Re8 35. Bf6 Qf7 36. Ba1 Qxb3 37. Qc7 Qf7 38. Qxc5 Rc8 39. Qd4 Qc7+ 40. Kh3 Kf7 41. Re1 Qe7 42. Qg7+ 1-0

[Event "Early-Titled-Tuesday-Blitz-July-09-2024"]
[Site "Chess.com"]
[Date "2024.07.09"]
[Round "8"]
[White "klercaku"]
[Black "FrenchPlayer2203"]
[Result "0-1"]
[WhiteElo "2368"]
[BlackElo "2301"]
[TimeControl "180+1"]
[EndTime "9:27:58 PDT"]
[Termination "FrenchPlayer2203 won by resignation"]

1. e4 e6 2. d4 d5 3. Nd2 c5 4.
dxc5 Bxc5 5. exd5 exd5 6. Nb3 Bb6 7. Nf3 Nf6 8. h3 O-O 9. Be2 Nc6 10. O-O Ne4 11.
c3 Bf5 12. Nbd4 Bg6 13. Be3 Re8 14. Bd3 Rc8 15. Nxc6 bxc6 16. Ba6 Rb8 17. Bf4 Bc7 18. Bxc7 Qxc7 19. Bd3 Rxb2 20. Rb1 Nxc3 21. Qc1 Rxb1 22. Bxb1 Ne2+ 23. Kh1 Nxc1 24. Rxc1 Bxb1 25. Rxb1 h6 26. Nd4 Qf4 27. Nf3 Qa4 28. Rb2 Qd1+ 29. Kh2 c5 30.
Rd2 Qxd2 31. Nxd2 Re2 32. Nb3 c4 33. Nd4 Rxa2 34. Nc6 c3 35. Ne7+ Kh7 36. Nxd5 c2 37. Nb4 c1=Q 38. Nxa2 Qf4+ 0-1

[Event "Early-Titled-Tuesday-Blitz-July-09-2024"]
[Site "Chess.com"]
[Date "2024.07.09"]
[Round "8"]
[White "stepanosinovsky"]
[Black "MrEscacs"]
[Result "1-0"]
[WhiteElo "2347"]
[BlackElo "2193"]
[TimeControl "180+1"]
[EndTime "9:27:58 PDT"]
[Termination "stepanosinovsky won on time"]

1. e4 Nf6 2. d3 e5 3. Nf3 Nc6 4. g3 Bc5 5. Bg2 h6 6. O-O O-O 7. a4 d5 8. Nbd2 Be6 9. c3 a5 10. Qe2 dxe4 11. dxe4 Qc8 12. Nc4 Nd7 13. Nh4 Nb6 14.
Ne3 g6 15. Nef5 gxf5 16. Bxh6 Re8 17. Qh5 Bf8 18. Bxf8 Kxf8 19. exf5 Bc4 20. f6 1-0

[Event "Early-Titled-Tuesday-Blitz-July-09-2024"]
[Site "Chess.com"]
[Date "2024.07.09"]
[Round "8"]
[White "maciek_92"]
[Black "Sychev_Klementy"]
[Result "1-0"]
[WhiteElo "2854"]
[BlackElo "2941"]
[TimeControl "180+1"]
[EndTime "9:27:59 PDT"]
[Termination "maciek_92 won by resignation"]

1. e4 e5 2. Nc3 Nf6 3. f4 d5 4.
fxe5 Nxe4 5. Nf3 Bc5 6. d4 Bb4 7. Bd2 c5 8. Be2 Nc6 9. O-O O-O 10. a3 Ba5 11. dxc5 Nxd2 12. Nxd2 Bxc3 13. bxc3 Qe7 14. Nb3 Qxe5 15. Bf3 Be6 16. Qd2 Rad8 17. Rae1 Qf5 18.
Nd4 Qg6 19. Re3 Bc8 20. Rfe1 Na5 21. Re7 Nc4 22. Qf4 Nxa3 23. Qc7 a6 24. Qxd8 1-0

[Event "Early-Titled-Tuesday-Blitz-July-09-2024"]
[Site "Chess.com"]
[Date "2024.07.09"]
[Round "8"]
[White "praveenb2002"]
[Black "nj123456"]
[Result "1-0"]
[WhiteElo "2842"]
[BlackElo "2533"]
[TimeControl "180+1"]
[EndTime "9:28:00 PDT"]
[Termination "praveenb2002 won by resignation"]

1. Nf3 Nf6 2. c4 e6 3. e3 d5 4. b3 Be7 5. Bb2 O-O 6. Be2 c5 7. O-O Nc6 8. cxd5 exd5 9. d4 b6 10.
Nc3 Be6 11. Rc1 h6 12. Ne5 Na5 13. f4 cxd4 14. exd4 Bc8 15. Bd3 Bb7 16. g4 Ne8 17. Bb1 Nd6 18. Qf3 Bf6 19. Nxd5 Bxe5 20. dxe5 Nb5 21.
Qd3 g6 22. Nf6+ Kg7 23. Qxb5 Qd2 24. Rf2 Qe3 25. Qd3 Qxd3 26. Bxd3 Rfd8 27. Be4 Bxe4 28. Nxe4 Rd3 29. e6+ 1-0